 Dungeon Crawl Stone Soup version 0.26.0-16-gc1dbca0489 (webtiles) character file.

Game seed: 16124296796820080681

61 kaeus the Skirmisher (level 3, -4/29 HPs)
             Began as a Demonspawn Berserker on Jan 19, 2021.
             Was a Believer of Trog.
             Killed from afar by an orc wizard (8 damage)
             ... with a magic dart
             ... on level 3 of the Dungeon.
             The game lasted 00:03:18 (1871 turns).

kaeus the Skirmisher (Demonspawn Berserker)         Turns: 1871, Time: 00:03:19

Health: -4/29      AC:  5    Str: 24    XL:     3   Next: 83%
Magic:  3/3        EV: 12    Int:  8    God:    Trog [**....]
Gold:   172        SH:  0    Dex: 12    Spells: 2/2 levels left

rFire    . . .     SeeInvis .   a - +0 hand axe
rCold    . . .     Faith    .   (no shield)
rNeg     . . .     Spirit   .   g - +0 robe (curse)
rPois    .         Reflect  .   (helmet restricted)
rElec    .         Harm     .   (no cloak)
rCorr    .         Rampage  .   e - +2 pair of gloves
Will     ++...                  (no boots)
Stlth    +.........             (no amulet)
HPRegen  1.09/turn              l - +6 ring of strength
MPRegen  0.08/turn              (no ring)

@: regenerating
A: horns 1, spiny 1
a: Renounce Religion, Berserk, Trog's Hand


You were on level 3 of the Dungeon.
You worshipped Trog.
Trog was pleased with you.
You visited 1 branch of the dungeon, and saw 3 of its levels.

You collected 172 gold pieces.

Inventory:

Hand Weapons
 a - a +0 hand axe (weapon)
Armour
 b - a +0 animal skin
 e - a +2 pair of gloves (worn)
 g - a cursed +0 robe (worn)
Jewellery
 l - a +6 ring of strength (left hand)
Scrolls
 d - 2 scrolls of teleportation {unknown}
 f - 3 scrolls of immolation {unknown}
 h - 3 scrolls of enchant weapon {unknown}
 i - 2 scrolls of identify {unknown}
 j - a scroll of fear {unknown}
 p - a scroll of remove curse {unknown}
Potions
 c - 2 potions of haste {unknown}
 k - a potion of curing {unknown}
 m - a potion of mutation {unknown}
 n - a potion of degeneration {unknown}
 o - a potion of lignification {unknown}


   Skills:
 + Level 3.5 Fighting
 + Level 3.2 Axes
 + Level 2.3 Armour
 + Level 2.4 Dodging


You had 2 spell levels left.
You didn't know any spells.
Your spell library was empty.

Dungeon Overview and Level Annotations

Branches:
Dungeon (3/15)

Altars:
Kikubaaqudgha


Innate Abilities, Weirdness & Mutations

You have a pair of small horns on your head.
You are partially covered in sharp spines.


Message History

You hit the orc.
You kill the orc!
Trog accepts your kill. The bat closely misses you.
The orc priest mumbles some strange prayers to Beogh against you.
Beogh smites you!
* * * LOW HITPOINT WARNING * * *
The bat is struck by your spines.
You kill the bat!
Trog accepts your kill.
The orc wizard is struck by your spines.
The orc wizard barely misses you.
The kobold throws a stone.
The stone hits you.
* * * LOW HITPOINT WARNING * * *
You see here a stone.
Your skin crawls.
You feel strong-willed. The orc wizard casts a spell at you.
The magic dart hits you!
You die...

.... #.#... ... #.#.#.
... .#########.#.#. ..
............... #.
#########..###. #o##
#...... #)K# #.####.
#o##########.# #.
#@...........# #.
#............# #.
#............# #.
#########[...........#
#.
.......(.............#
##
#......(#....†.......#
#.......#............#
#.......#............#
#≈..≈.≈.#............#


You could see an orc priest, an orc wizard and a kobold.

Vanquished Creatures
  3 leopard geckos
  2 orcs (D:3)
  A ball python (D:1)
  A bat zombie (D:2)
  6 giant cockroaches
  8 hobgoblins
  4 jackals (D:2)
  A quokka (D:2)
  5 bats
  4 frilled lizards
  4 goblins
  5 kobolds
  5 rats
  4 rat zombies (D:2)
53 creatures vanquished.

Notes
Turn   | Place    | Note
-------+----------+-------------------------------------------
     0 | D:1      | kaeus the Demonspawn Berserker began the quest for the Orb.
     0 | D:1      | Reached XP level 1. HP: 18/18 MP: 1/1
   357 | D:1      | Gained mutation: You are partially covered in sharp spines.
                  | [demonic ancestry]
   357 | D:1      | Reached XP level 2. HP: 24/24 MP: 2/2
   978 | D:2      | Reached ** piety under Trog
  1051 | D:2      | Gained mutation: You have a pair of small horns on your
                  | head. [demonic ancestry]
  1051 | D:2      | Reached XP level 3. HP: 29/29 MP: 3/3
  1682 | D:2      | Found an ancient bone altar of Kikubaaqudgha.
  1871 | D:3      | Killed from afar by an orc wizard

Illustrated notes

Levels and vault maps discovered:
D:1:      heliophobic_arrival_glass_houses, layout_basic, minmay_strange_pillars
D:2:      layout_basic, lemuel_zombie_altar_kikubaaqudgha
D:3:      layout_basic, minmay_goblin_outpost

Skill      XL: |  1  2 |
---------------+-------+-----
Armour         | 2 |  2.3
Dodging        | 2 |  2.4
Axes           | 3 |  3.2
Fighting       | |  3.5

Action                   || total
-------------------------++-------
Melee: Hand axe          ||   108
       Headbutt          ||     7
Invok: Trog's Hand       ||     1
Armor: Robe              ||    19
       Animal skin       ||     7
Dodge: Dodged            ||    72
